 Dungeon Crawl Stone Soup version 0.25.1-2-g60ff931df9 (webtiles) character file.

Game seed: 17852097274081976027

90 DearestLeader the Digger (level 4, -10/24 HPs)
             Began as a Gargoyle Earth Elementalist on Sept 13, 2020.
             Killed by divine providence
             ... invoked by an orc priest
              (14 damage)
             ... on level 3 of the Dungeon.
             The game lasted 00:05:52 (3042 turns).

DearestLeader the Digger (GrEE)                     Turns: 3042, Time: 00:05:52

Health: -10/24     AC:  6    Str: 12    XL:     4   Next: 56%
Magic:  3/7        EV: 12    Int: 16    God:
Gold:   41         SH:  0    Dex: 10    Spells: 1/7 levels left

rFire    . . .     SeeInvis .   i - +1 dagger (speed)
rCold    . . .     Gourm    .   (no shield)
rNeg     + . .     Faith    .   c - +0 robe
rPois    ∞         Spirit   .   (no helmet)
rElec    +         Reflect  .   (no cloak)
rCorr    .         Harm     .   g - +0 pair of gloves
MR       .....                  (no boots)
Stlth    ++........             (no amulet)
HPRegen  0.08/turn              (no ring)
MPRegen  0.10/turn              (no ring)

@: no status effects
A: negative energy resistance 1, electricity resistance, unbreathing,
petrification resistance, rot immunity, AC +3
a: no special abilities


You were on level 3 of the Dungeon.
You were not hungry.

You visited 1 branch of the dungeon, and saw 3 of its levels.

You collected 41 gold pieces.

Inventory:

Hand Weapons
 i - a +1 dagger of speed (weapon)
Missiles
 b - 46 stones (quivered)
Armour
 c - a +0 robe (worn)
 g - a +0 pair of gloves (worn)
Scrolls
 a - a scroll of remove curse {unknown}
 e - a scroll of fog {unknown}
 h - 2 scrolls of amnesia
 j - 2 scrolls of identify
Potions
 f - a potion of heal wounds {unknown}
Comestibles
 d - 3 rations
 k - a chunk of flesh


   Skills:
 - Level 2.0 Dodging
 - Level 2.1 Stealth
 - Level 2.0 Spellcasting
 - Level 0.7 Transmutations
 * Level 6.0 Earth Magic


You had one spell level left.
You knew the following spells:

 Your Spells              Type           Power        Failure   Level  Hunger
a - Sandblast             Erth           ###...       1%          1    #......
b - Stone Arrow           Conj/Erth      ##....       19%         3    ###....
c - Passwall              Tmut/Erth      ##......     8%          2    ###....

Your spell library contained the following spells:

 Spells                   Type           Power        Failure   Level  Hunger
 Lee's Rapid Deconstruct  Erth           ###.......   43%         5    ######.
 Petrify                  Tmut/Erth      ##......     45%         4    #####..


Dungeon Overview and Level Annotations

Branches:
Dungeon (3/15)

Altars:
Elyvilon
Okawaru
Qazlal

Annotations:
D:3 Grinder


Innate Abilities, Weirdness & Mutations

You are resistant to torment.
Your stone body is resilient. (AC +3)
You are immune to poison.
You resist negative energy. (rN+)
You are resistant to electric shocks. (rElec)
You can survive without breathing.
You are immune to petrification.
You are immune to rotting.


Message History

The orc priest hits you.
* * * LOW HITPOINT WARNING * * *
Casting: Sandblast (safe; 1% risk of failure)
Confirm with . or Enter, or press ? or * to list all spells.
Aiming: Sandblast (safe; 1% risk of failure)
Press: ? - help, Shift-Dir - straight line, f/p - orc priest
Aim: an orc priest, wearing a cursed +0 leather armour (heavily wounded)
The blast of sand hits the orc priest.
The orc priest is almost dead.
b - 46 stones Grinder gestures at you.
You resist with significant effort. The orc priest hits you.
* * * LOW HITPOINT WARNING * * *
As you read the scroll labeled UKHO ASMOIREQ, it crumbles to dust.
It is a scroll of identify.
h - 2 scrolls of amnesia The orc priest invokes the aid of Beogh against you.
Beogh smites you!
Ouch! That really hurt!
You die...

......#.###..........#
+######.# #...... ...#
#####'###.....# #..#
#.........#'#o# #..#
#.........#.#o#
#..######
#.........#.#.#
#.......#
...........#.#<#
#..####.#
###.........#'#o####'##
#
..#########....@.....#
.. #..........#
#....5.....#
#..........#
#..........#
#..........#
#..........#
######..........#
#...............#


You could see Grinder, an orc priest and 2 orcs.

Vanquished Creatures
  An adder (D:3)
  2 gnolls
  2 dart slugs (D:2)
  A leopard gecko (D:3)
  An orc (D:3)
  3 ball pythons
  A giant cockroach (D:3)
  9 goblins
  10 hobgoblins
  6 jackals
  A bat (D:1)
  2 frilled lizards (D:1)
  7 kobolds
  4 rats
50 creatures vanquished.

Vanquished Creatures (others)
  A bat (D:3)
1 creature vanquished.

Grand Total: 51 creatures vanquished

Notes
Turn   | Place    | Note
-------+----------+-------------------------------------------
     0 | D:1      | DearestLeader the Gargoyle Earth Elementalist began the
                  | quest for the Orb.
     0 | D:1      | Reached XP level 1. HP: 10/10 MP: 3/3
   220 | D:1      | Reached skill level 4 in Earth Magic
   363 | D:1      | Reached XP level 2. HP: 15/15 MP: 0/5
  1401 | D:2      | Reached XP level 3. HP: 19/19 MP: 6/6
  1406 | D:2      | Learned a level 3 spell: Stone Arrow
  1409 | D:2      | Learned a level 2 spell: Passwall
  1520 | D:2      | Reached skill level 5 in Earth Magic
  1683 | D:2      | Found an iron altar of Okawaru.
  1842 | D:2      | Found a white marble altar of Elyvilon.
  2611 | D:2      | Reached XP level 4. HP: 24/24 MP: 0/7
  2684 | D:3      | Noticed Grinder
  2923 | D:3      | Found a stormy altar of Qazlal.
  2929 | D:3      | Reached skill level 6 in Earth Magic
  3042 | D:3      | Killed from afar by an orc priest

Illustrated notes

Levels and vault maps discovered:
D:1:      dpeg_arrival_tiny_h, layout_basic
D:2:      layout_basic, overflow_temple_1_default, overflow_temple_1_default,
          first_ration, kennysheep_cluttered_room
D:3:      layout_basic, kiku_gazebo_garden_becter, grunt_qazlal_clouds,
          hex_intersection, uniq_grinder

Skill      XL: |  1  2  3  4 |
---------------+-------------+-----
Earth Magic    | 4 5 6 |  6.0
Dodging        | 2 |  2.0
Stealth        | |  2.1
Spellcasting   | |  2.0
Transmutations | |  0.7

Action                   |  1- 3 |  4- 6 || total
-------------------------+-------+-------++-------
Melee: Dagger            |   132 |    45 ||   177
       Unarmed           |     3 |       ||     3
 Cast: Sandblast         |    14 |     9 ||    23
  Use: Scroll            |       |     1 ||     1
 Stab: Sleeping          |     3 |       ||     3
  Eat: Chunk             |     5 |     2 ||     7
Armor: Robe              |    52 |    10 ||    62
Dodge: Dodged            |    91 |    15 ||   106
